 Dungeon Crawl Stone Soup version 0.30.0-30-g96aa6591b8 (webtiles) character file.

Game seed: 8763074181465269703

3 AgateBread the Firebug (level 1, 0/14 HPs)
             Began as a Hill Orc Fire Elementalist on July 1, 2023.
             Slain by a quokka (2 damage)
             ... on level 1 of the Dungeon.
             The game lasted 00:02:29 (84 turns).

AgateBread the Firebug (Hill Orc Fire Elementalist)   Turns: 84, Time: 00:02:30

Health: 0/14       AC:  2    Str: 10    XL:     1   Next: 50%
Magic:  3/3        EV: 12    Int: 15    God:
Gold:   9          SH:  0    Dex: 11    Spells: 2/3 levels left

rFire   . . .        c - +0 short sword
rCold   . . .        (no shield)
rNeg    . . .        a - +0 robe
rPois   .            (no helmet)
rElec   .            (no cloak)
rCorr   .            (no gloves)
SInv    .            (no boots)
Will    .....        (no amulet)
Stlth   ++           (no ring)
HPRegen 0.22/turn    (no ring)
MPRegen 0.08/turn

%: no passive effects
@: no status effects
A: no striking features
a: no special abilities


You were on level 1 of the Dungeon.
You visited 1 branch of the dungeon, and saw 1 of its levels.

You collected 9 gold pieces.

Inventory:

Hand Weapons
 c - a +0 short sword (weapon)
Missiles
 d - 3 stones (quivered)
Armour
 a - a +0 robe (worn)


   Skills:
 + Level 0.0 Fighting
 + Level 0.0 Armour
 - Level 1.6 Dodging
 - Level 1.6 Stealth
 - Level 1.6 Spellcasting
 - Level 1.1 Conjurations
 + Level 3.3 Fire Magic


You had 2 spell levels left.
You knew the following spells:

 Your Spells              Type           Power      Damage    Failure   Level
a - Foxfire               Conj/Fire      28%        2x1d5     10%         1

Your spell library contained the following spells:

 Spells                   Type           Power      Damage    Failure   Level
 Scorch                   Fire           22%        2d5       9%          2
 Magic Dart               Conj           16%        1d3       14%         1
 Call Imp                 Summ           2%         N/A       34%         2
 Inner Flame              Hex/Fire       6%         N/A       34%         3
 Volatile Blastmotes      Fire/Tloc      12%        2d11      34%         3
 Mephitic Cloud           Conj/Pois/Air  2%         N/A       52%         3
 Flame Wave               Conj/Fire      7%         2d5       67%         4


Dungeon Overview and Level Annotations

Branches:
Dungeon (1/15)

Altars:


Message History

The giant cockroach closely misses you.
The giant cockroach completely misses you.
Casting: Foxfire (safe; 10% risk of failure)
Press: ? - help, Q - select action, (/) - cycle Dir - look around, f - activate You miscast Foxfire.
You are very lightly contaminated with residual magic.
Nothing appears to happen.
The giant cockroach bites you. The quokka attacks as you move away!
The quokka bites you.
You hit the quokka but do no damage. The giant cockroach barely misses you.
The quokka barely misses you. The quokka bites you.
The giant cockroach bites you but does no damage.
The quokka attacks as you move away! The quokka bites you.
The quokka attacks as you move away! The quokka barely misses you.
Your magical contamination has completely faded away.
The quokka attacks as you move away! The quokka barely misses you.
Casting: Foxfire (safe; 10% risk of failure)
Press: ? - help, Q - select action, (/) - cycle Dir - look around, f - activate You conjure some foxfire!
The quokka closely misses you. The giant cockroach closely misses you.
The giant cockroach waves its antennae.
The giant cockroach bites you. The quokka barely misses you.
Your foxfire dissipates!
The giant cockroach attacks as you move away!
The giant cockroach bites you.
* * * LOW HITPOINT WARNING * * *
The foxfire hits the goblin.
The goblin is severely wounded.
The quokka attacks as you move away!
The quokka bites you but does no damage.
Magic courses through your body. The quokka bites you.
* * * LOW HITPOINT WARNING * * *
The quokka closely misses you.
Throw: 4 stones
Press: ? - help, Q - select action, (/) - cycle Shift-Dir - straight line, f - quokka
Aim: a quokka (41% to hit)
You throw a stone.
The stone hits the quokka but does no damage.
The quokka bites you.
You die...

. ###.. ...# #####
.#####...####
###.........######
†......<....KgBr@#
###.........####.#
####...#### #.#
##### ..# ###


You could see a quokka, a giant cockroach, a goblin and a kobold.

Vanquished Creatures
  A hobgoblin (D:1)
  A ball python (D:1)
  A frilled lizard (D:1)
  A kobold (D:1)
4 creatures vanquished.

Vanquished Creatures (others)
  9 foxfires (D:1)
9 creatures vanquished.

Grand Total: 13 creatures vanquished

Notes
Turn   | Place    | Note
-------+----------+-------------------------------------------
     0 | D:1      | AgateBread the Hill Orc Fire Elementalist began the quest
                  | for the Orb.
     0 | D:1      | Reached XP level 1. HP: 14/14 MP: 3/3
    84 | D:1      | Slain by a quokka

Illustrated notes

Levels and vault maps discovered:
D:1:      dpeg_arrival_rhombus, layout_rooms, serial_shops,
          nicolae_lakefront_shop

Action                     || total
---------------------------++-------
  Melee: Short sword       ||     3
  Throw: Stone             ||     1
   Cast: Foxfire           ||     5
    Use: Potion            ||     1
 Armour: Robe              ||     5
  Dodge: Dodged            ||    19
